AoeStats
← Autopawn

Lombardia

508339933Analyzed
3v3 RM · 10d ago on Sep 22, 2026· 30m 57s· 6 players
Game mode
Random Map
Map size
Normal (6 player)
Population
200
Speed
Normal
Resources
Standard
Victory
Conquest
Starting age
Dark Age
Ending age
Imperial Age
RankedLock teamsTeams togetherTeam positionsShared explorationLock speedFull tech treeHidden civsTurbo modeCheats
Victory
Defeat
🇨🇱 Mapuche · Chile
1033
+15
🇨🇱 Byzantines · Chile
1014
+15
🇨🇱 Spanish · Chile
1002
+16
🇨🇱 Khmer · Chile
1013
-15
🇨🇱 Turks · Chile
1006
-16
🇨🇱 Poles · Chile
984
-15
linkz900
1:16 Loom
13:22 Feudal Age
18:50 Castle Age
16:50 Double-Bit Axe
18:27 Scale Barding Armor
18:43 Bloodlines
19:40 Gold Mining
19:26 Light Cavalry
22:08 Wheelbarrow
21:19 Town Watch
23:04 Forging
23:40 Fletching
26:38 Bow Saw
28:06 Hand Cart
28:32 Elite Skirmisher
29:13 Padded Archer Armor
29:35 Bodkin Arrow
Yisus
3:15 Loom
11:02 Feudal Age
14:59 Castle Age
13:45 Stone Mining
15:36 Double-Bit Axe
24:16 Fletching
24:26 Padded Archer Armor
25:35 Wheelbarrow
24:45 Town Watch
24:27 Elite Skirmisher
26:10 Padded Archer Armor
29:14 Leather Archer Armor
29:32 Ballistics
T3krom_xD
1:58 Loom
11:13 Feudal Age
13:31 Double-Bit Axe
18:32 Castle Age
18:29 Wheelbarrow
18:02 Padded Archer Armor
17:53 Fletching
20:36 Leather Archer Armor
25:36 Crossbowman
27:35 Town Watch
Autopawn
6:19 Loom
11:02 Feudal Age
12:03 Double-Bit Axe
22:25 Castle Age
21:25 Horse Collar
22:40 Forging
22:48 Scale Barding Armor
23:40 Husbandry
23:55 Pikeman
26:56 Heavy Plow
28:01 Wheelbarrow
28:26 Gold Mining
30:38 Hand Cart
31:28 Gold Shaft Mining
gabrieloresp
10:31 Feudal Age
14:18 Castle Age
13:32 Double-Bit Axe
16:23 Gold Mining
25:51 Bloodlines
26:49 Husbandry
29:35 Scale Barding Armor
29:41 Forging
29:30 Horse Collar
alfredoruninm
7:39 Loom
11:07 Feudal Age
15:23 Castle Age
13:43 Double-Bit Axe
15:57 Fletching
17:36 Bodkin Arrow
18:47 Padded Archer Armor
23:21 Ballistics
23:18 Leather Archer Armor
Connection lost

Rejoining the realm…

Still unreachable

The connection could not be restored.

Session expired

The server has moved on; the page needs a fresh start.